 Dungeon Crawl Stone Soup version 0.19-a0-1637-gfc13266 (webtiles) character file.

1100 Amnesiac the Prestidigitator (level 8, -2/54 HPs)
             Began as a Mummy Artificer on Sept 20, 2016.
             Was an Initiate of Gozag.
             Slain by an ogre
             ... wielding a cursed +0 giant club
              (8 damage)
             ... on level 5 of the Dungeon.
             The game lasted 00:15:00 (8266 turns).

Amnesiac the Prestidigitator (Mummy Artificer)      Turns: 8266, Time: 00:15:01

Health: -2/54      AC:  7    Str: 16    XL:     8   Next: 10%
Magic:  14/14      EV: 15    Int: 10    God:    Gozag
Gold:   771        SH:  0    Dex: 19    Spells: 0 memorised, 7 levels left

rFire  . . .     SeeInvis .     t - +1 dagger (venom)
rCold  + + .     Gourm    .     p - +0 scale mail
rNeg   + + +     Faith    .     (no shield)
rPois  ∞         Spirit   .     (no helmet)
rElec  +         Dismiss  .     (no cloak)
rCorr  +         Reflect  .     (no gloves)
MR     +....     Harm     .     r - +0 pair of boots
Stlth  ++........               (no amulet)
                                (no ring)
                                g - ring of wizardry

@: agile, resistant, gold aura, very slightly contaminated, invisible
A: no food or potions, fire vulnerability, cold resistance 1, negative energy
resistance 3, torment resistance, unbreathing
a: Potion Petition, Call Merchant, Bribe Branch, Renounce Religion


You were on level 5 of the Dungeon.
You worshipped Gozag.
Gozag was pleased with you.
You were not hungry.

You visited 2 branches of the dungeon, and saw 6 of its levels.

You collected 797 gold pieces.
You paid 26 gold pieces to Gozag.

Inventory:

Hand Weapons
 a - a +0 short sword
 t - a +1 dagger of venom (weapon)
Missiles
 h - a throwing net (quivered)
 q - 8 curare-tipped needles
Armour
 l - a +0 shield
 p - a +0 scale mail (worn)
 r - a +0 pair of boots (worn)
Jewellery
 g - a ring of wizardry (left hand)
 s - an uncursed ring of ice {unknown}
Wands
 d - a wand of enslavement (7/24)
 e - a wand of random effects (0/48)
Scrolls
 b - a scroll of fog {unknown}
 c - a scroll of enchant armour {unknown}
 f - 6 scrolls of identify {unknown}
 i - 2 scrolls of teleportation {unknown}
 j - 2 scrolls of remove curse {unknown}
 k - a scroll of fear {unknown}
 m - a scroll of enchant weapon {unknown}
 n - a scroll of amnesia {unknown}
 o - 2 scrolls of magic mapping {unknown}


   Skills:
 - Level 1.0 Fighting
 - Level 1.0 Short Blades
 - Level 1.5 Dodging
 - Level 0.7 Stealth
 + Level 8.4 Evocations


You had 7 spell levels left.
You didn't know any spells.

Dungeon Overview and Level Annotations

Branches:
Dungeon (5/15)             Temple (1/1) D:4

Altars:
Ashenzari
Cheibriados
Elyvilon
Fedhas
Gozag
Hepliaklqana
Kikubaaqudgha
Makhleb
Nemelex Xobeh
Qazlal
Sif Muna
Trog
Uskayaw
Vehumet
Zin
Jiyva


Innate Abilities, Weirdness & Mutations

You do not eat or drink.
Your flesh is vulnerable to fire.
You are immune to poison.
Your flesh is cold resistant. (rC+)
You are immune to negative energy. (rN+++)
You are immune to unholy pain and torment.
You can survive without breathing.


Message History

You kill Eustachio!
The white imp disappears in a puff of smoke!
The shadow imp disappears in a puff of smoke!
The bat disappears in a puff of smoke!
You have reached level 8!
You barely miss the ogre. The ogre misses you.
You hit the ogre but do no damage. The ogre hits you with a giant club!!
* * * LOW HITPOINT WARNING * * *
You hit the ogre.
The ogre is poisoned.
The ogre is lightly wounded.
You hit the ogre.
The ogre looks as sick as possible!
The ogre is lightly wounded.
The ogre hits you but does no damage.
Things that are here:
5 gold pieces; a rapier; a leather armour You hit the ogre.
The ogre looks as sick as possible!
The ogre is heavily wounded.
The ogre hits you with a giant club!
You die...
Your body crumbles into a pile of gold.

#.#.....# #.# #.#.....#
#5# #########.#.....#
#.# #......##.#######
#O# #.####.##.# ##@#####
#.##......# #.#b...#
#.##.#.#### ##.###@#
#......##############
#b# ##.!...#.....@O...#
#.#
#.....#.########.#####.#
#.......# #..O..@.#
#.....### #########
#######


You could see an ogre.

Vanquished Creatures
  Eustachio (D:5)
  An ice beast (D:5)
  An ogre (D:5)
  2 howler monkeys (D:5)
  3 hounds
  3 orc priests (D:4)
  A jelly (D:5)
  6 orc wizards
  A hell rat (D:2)
  3 worker ants (D:4)
  A gnoll (D:3)
  6 adders
  7 worms
  A dart slug (D:1)
  3 leopard geckos
  18 orcs
  6 bats
  8 giant cockroaches
  10 goblins
  6 hobgoblins
  16 jackals
  8 kobolds
  3 quokkas
  A ball python (D:3)
  3 frilled lizards
  10 rats
129 creatures vanquished.

Vanquished Creatures (collateral kills)
  A worker ant (D:5)
1 creature vanquished.

Vanquished Creatures (others)
  An iguana (D:4)
  2 orc wizards (D:4)
  An adder skeleton (D:4)
  A worm (D:3)
5 creatures vanquished.

Grand Total: 135 creatures vanquished

Notes
Turn   | Place    | Note
-------+----------+-------------------------------------------
     0 | D:1      | Amnesiac the Mummy Artificer began the quest for the Orb.
     0 | D:1      | Reached XP level 1. HP: 15/15 MP: 2/2
    50 | D:1      | Reached skill level 1 in Short Blades
   136 | D:1      | Reached XP level 2. HP: 21/21 MP: 4/4
   305 | D:1      | You fall through a shaft!
   342 | D:2      | Reached skill level 3 in Evocations
   526 | D:3      | Reached XP level 3. HP: 6/26 MP: 5/5
  1059 | D:4      | Reached skill level 4 in Evocations
  1059 | D:4      | Reached XP level 4. HP: 22/32 MP: 5/7
  1343 | D:4      | Reached XP level 5. HP: 20/37 MP: 8/8
  1350 | D:4      | Reached skill level 5 in Evocations
  1646 | D:4      | Found a stormy altar of Qazlal.
  1908 | D:4      | Found a staircase to the Ecumenical Temple.
  1916 | Temple   | Entered the Ecumenical Temple
  1961 | Temple   | Became a worshipper of Gozag Ym Sagoz the Greedy
  2719 | D:3      | Reached XP level 6. HP: 34/43 MP: 10/10
  3726 | D:2      | Found a sparkling altar of Nemelex Xobeh.
  4024 | D:3      | Noticed a moth of wrath
  4027 | D:3      | Found a bloodstained altar of Trog.
  4774 | D:3      | Reached skill level 6 in Evocations
  5118 | D:3      | Noticed Grinder
  5128 | D:3      | Paralysed by Grinder for 5 turns
  5170 | D:2      | Paralysed by Grinder for 3 turns
  5183 | D:2      | Paralysed by Grinder for 2 turns
  5185 | D:2      | Noticed Grinder
  5185 | D:2      | Grinder changed into Grinder the hell rat
  5190 | D:2      | Killed Grinder the hell rat
  6340 | D:4      | Reached XP level 7. HP: 41/48 MP: 10/12
  6855 | D:4      | Reached skill level 7 in Evocations
  7339 | D:4      | Found a blossoming altar of Fedhas.
  7383 | D:5      | Entered Level 5 of the Dungeon
  7666 | D:5      | Noticed Eustachio
  8200 | D:5      | Reached skill level 8 in Evocations
  8260 | D:5      | Killed Eustachio
  8260 | D:5      | Reached XP level 8. HP: 24/54 MP: 14/14
  8266 | D:5      | Slain by an ogre

Vault maps used:
D:1:      dpeg_arrival_connections, minmay_misc_feat_hallway
D:2:      lemuel_crystal_altar
D:3:      tgw_trog, kennysheep_generic_room_12, uniq_grinder
D:4:      marbit_many_paths, grunt_qazlal_clouds
D:5:      first_bread, uniq_eustachio
Temple:   pf_slimified_temple

Skill      XL: |  1  2  3  4  5  6  7 |
---------------+----------------------+-----
Short Blades   | 1 |  1.0
Evocations     | 3 4 5 6 8 |  8.4
Fighting       | |  1.0
Dodging        | |  1.5
Stealth        | |  0.7

Action                   |  1- 3 |  4- 6 |  7- 9 || total
-------------------------+-------+-------+-------++-------
Melee: Short sword       |   106 |   584 |   187 ||   877
       Dagger            |       |       |    20 ||    20
Invok: Potion Petition   |       |       |     1 ||     1
Evoke: Wand              |     1 |    24 |    13 ||    38
 Stab: Sleeping          |     1 |       |       ||     1
       Invisible         |       |       |     1 ||     1
Armor: Leather armour    |    31 |    20 |       ||    51
       Scale mail        |       |   248 |    92 ||   340
Dodge: Dodged            |    58 |   408 |   140 ||   606
